 Dungeon Crawl Stone Soup version 0.24-a0-335-g06ca16a (webtiles) character file.

Game seed: 7495942862043457539

43 mhoghedin the Magician (level 3, -2/24 HPs)
             Began as a Mummy Wizard on May 19, 2019.
             Slain by an adder (5 damage)
             ... on level 1 of the Dungeon.
             The game lasted 00:03:38 (1722 turns).

mhoghedin the Magician (Mummy Wizard)               Turns: 1722, Time: 00:03:38

Health: -2/24      AC:  2    Str: 10    XL:     3   Next: 37%
Magic:  0/9        EV: 12    Int: 18    God:
Gold:   24         SH:  0    Dex: 10    Spells: 4/11 levels left

rFire    x . .     SeeInvis .   c - +0 dagger
rCold    + . .     Gourm    .   (no shield)
rNeg     + + +     Faith    .   a - +0 robe
rPois    ∞         Spirit   .   b - +0 hat
rElec    .         Reflect  .   (no cloak)
rCorr    .         Harm     .   (no gloves)
MR       .....                  (no boots)
Stlth    ++........             (no amulet)
HPRegen  0.08/turn              (no ring)
MPRegen  0.11/turn              (no ring)

@: very slightly contaminated
A: no food or potions, fire vulnerability, cold resistance 1, negative energy
resistance 3, torment resistance, unbreathing
a: no special abilities


You were on level 1 of the Dungeon.
You were not hungry.

You visited 1 branch of the dungeon, and saw 2 of its levels.

You collected 24 gold pieces.

Inventory:

Hand Weapons
 c - a +0 dagger (weapon)
   (You took it off a goblin on level 1 of the Dungeon)
Armour
 a - a +0 robe (worn)
 b - a +0 hat (worn)
Scrolls
 d - a scroll of enchant armour {unknown}


   Skills:
 - Level 1.5 Dodging
 - Level 1.5 Stealth
 + Level 4.9 Spellcasting
 + Level 1.3 Conjurations
 - Level 1.1 Hexes
 - Level 1.0 Summonings
 - Level 0.7 Translocations


You had 4 spell levels left.
You knew the following spells:

 Your Spells              Type           Power        Failure   Level  Hunger
a - Magic Dart            Conj           #...         8%          1    N/A
b - Blink                 Tloc           N/A          16%         2    N/A
c - Call Imp              Summ           #.......     13%         2    N/A
s - Slow                  Hex            #.......     13%         2    N/A

Your spell library contained the following spells:

 Spells                   Type           Power        Failure   Level  Hunger
 Conjure Flame            Conj/Fire      #.......     30%         3    N/A
 Mephitic Cloud           Conj/Pois/Air  #.......     32%         3    N/A

Dungeon Overview and Level Annotations

Branches:
Dungeon (2/15)

Altars:
Okawaru
Zin

Annotations:
D:2 exclusion: Terence, Terence


Innate Abilities, Weirdness & Mutations

You do not eat or drink.
Your flesh is vulnerable to fire.
You are immune to poison.
Your flesh is cold resistant. (rC+)
You are immune to negative energy. (rN+++)
You are immune to unholy pain and torment.
You can survive without breathing.


Message History

Aim: a kobold, wielding a +0 club The magic dart hits the kobold.
The kobold throws a stone.
The stone hits you.
Aim: a kobold, wielding a +0 club (severely wounded)
The magic dart hits the kobold.
You kill the kobold!
You take 3 damage, and have 20/24 hp.
You now have 0/9 mp.
You don't have enough magic to cast that spell.
You start resting.
Your magical contamination has completely faded away.
You regained 2 hp, and now have 22/24 hp.
You regained 2 mp, and now have 2/9 mp.
You start resting.
Health restored: 24; MP restored: 9 Unknown command.
Okay, then.
A goblin comes into view.
Found a glowing silver altar of Zin.
A goblin is nearby!
Aim: a goblin (resting)
The magic dart hits the goblin.
An adder comes into view.
You now have 8/9 mp.
Aim: a goblin (moderately wounded)
The magic dart hits the goblin.
An ooze comes into view.
You now have 7/9 mp.
Aim: a goblin (severely wounded)
The magic dart hits the adder.
You now have 6/9 mp.
Aim: a goblin (severely wounded)
The magic dart hits the adder.
You now have 5/9 mp.
Aim: a goblin (severely wounded)
The magic dart hits the goblin.
You kill the goblin!
You now have 4/9 mp.
Aim: an adder (heavily wounded)
The magic dart hits the adder.
The adder bites you.
You take 3 damage, and have 21/24 hp.
You now have 3/9 mp.
A beastly little devil appears in a puff of flame.
The adder closely misses you.
You now have 1/9 mp.
Your crimson imp blinks!
The adder barely misses you.
Your crimson imp blinks!
The adder bites you.
You take 4 damage, and have 17/24 hp.
The adder bites you.
You take 1 damage, and have 17/24 hp.
You barely miss the adder. The adder bites you.
You take 5 damage, and have 12/24 hp.
MASSIVE DAMAGE!!
Sorry, you're not good enough to have a special ability.
There isn't anything here!
Unknown command.
A beastly little devil appears in a puff of flame.
The adder completely misses you. The adder bites you.
You take 2 damage, and have 10/24 hp.
You now have 1/9 mp.
You swap places.
The adder barely misses your crimson imp.
Your crimson imp blinks!
Your crimson imp blinks!
Your crimson imp blinks!
You see here a club.
The adder barely misses you.
Your crimson imp closely misses the adder.
There is a stone staircase leading up here.
The adder bites you.
Your crimson imp blinks!
You climb upwards.
There is a stone staircase leading down here.
You take 2 damage, and have 9/24 hp.
The adder completely misses you. The adder misses you.
You miscast Call Imp.
You are very lightly contaminated with residual magic.
A fistful of eyes flickers past your view.
The adder barely misses you.
You now have 0/9 mp.
The adder closely misses you. The adder bites you.
You take 1 damage, and have 8/24 hp.
You can't drink.
You closely miss the adder. The adder misses you. The adder bites you.
* * * LOW HITPOINT WARNING * * *
You take 2 damage, and have 7/24 hp.
The adder bites you.
* * * LOW HITPOINT WARNING * * *
You take 2 damage, and have 5/24 hp.
A beastly little devil appears in a puff of frigid air.
The adder bites you.
* * * LOW HITPOINT WARNING * * *
The adder barely misses you.
You take 3 damage, and have 2/24 hp.
You now have 0/9 mp.
Your white imp hits the adder but does no damage.
You closely miss the adder. The adder bites you but does no damage.
The adder barely misses you.
You hit the adder. The adder bites you.
You die...

#.# #.# #... #.# #.#
#### #.# #.#
######### #.# #.#
#........ #.# #.#
#.####### #.# #.#
#.# ####### #.###.##
#.# ......#
#.##5..###.# #####.#
#@#.###.##.# #.#
#.S5# #....#
#####.##
####...###.####
.......#
#.....#...##
.####..# #.###.##.##
.#
#..######.###.##.#
##
##..........##.##.#
##..#######..##.##.#
##...## #..##>...#


You could see an adder and a friendly white imp.

Vanquished Creatures
  An ooze (D:2)
  2 dart slugs
  A leopard gecko (D:2)
  7 bats
  5 goblins
  3 hobgoblins (D:1)
  A kobold (D:2)
  2 frilled lizards (D:2)
  6 rats
28 creatures vanquished.

Vanquished Creatures (collateral kills)
  An adder (D:2)
1 creature vanquished.

Grand Total: 29 creatures vanquished

Notes
Turn   | Place    | Note
-------+----------+-------------------------------------------
     0 | D:1      | mhoghedin the Mummy Wizard began the quest for the Orb.
     0 | D:1      | Reached XP level 1. HP: 13/13 MP: 5/5
   150 | D:1      | Reached skill level 1 in Conjurations
   374 | D:1      | Reached XP level 2. HP: 18/19 MP: 2/7
   579 | D:1      | Learned a level 2 spell: Blink
   582 | D:1      | Learned a level 2 spell: Call Imp
   585 | D:1      | Learned a level 2 spell: Slow
   783 | D:1      | Reached skill level 1 in Summonings
  1213 | D:2      | Reached XP level 3. HP: 24/24 MP: 1/9
  1290 | D:2      | Found an iron altar of Okawaru.
  1299 | D:2      | Noticed Terence
  1412 | D:2      | Reached skill level 1 in Hexes
  1671 | D:2      | Found a glowing silver altar of Zin.
  1714 | D:1      | HP: 5/24 [adder (2)]
  1717 | D:1      | HP: 2/24 [adder (3)]
  1722 | D:1      | Slain by an adder

Levels and vault maps discovered:
D:1:      dpeg_arrival_lava_temple_mockup, layout_loops_ring
D:2:      layout_basic, nicolae_overflow_hidden_temple,
          overflow_temple_1_default, minmay_small_reverse_x, uniq_terence

Skill      XL: |  1  2  3 |
---------------+----------+-----
Conjurations   | 1 |  1.3
Summonings     | 1 |  1.0
Hexes          | 1 |  1.1
Dodging        | |  1.5
Stealth        | |  1.5
Spellcasting   | |  4.9
Translocations | |  0.7

Action                   || total
-------------------------++-------
Melee: Dagger            ||    36
 Cast: Magic Dart        ||    70
       Call Imp          ||     5
Armor: Robe              ||    11
Dodge: Dodged            ||    38

Table legend:
 A = Non-vault XP
 B = Vault XP
 C = Vault XP percentage of total XP
 D = Non-vault monster count
 E = Vault monster count
 F = Vault count percentage of total count
                 A         B        C        D         E       F
            +---------+---------+-------+---------+---------+-------
      Total |      62 |       0 |   0.0 |      29 |       0 |   0.0
            +---------+---------+-------+---------+---------+-------
        D:1 |      27 |       0 |   0.0 |      17 |       0 |   0.0
        D:2 |      35 |       0 |   0.0 |      12 |       0 |   0.0
            +---------+---------+-------+---------+---------+-------

Levels and vault maps discovered:
D:1:      dpeg_arrival_lava_temple_mockup, layout_loops_ring
D:2:      layout_basic, nicolae_overflow_hidden_temple,
          overflow_temple_1_default, minmay_small_reverse_x, uniq_terence

Table legend:
 A = Turns spent in this place as a percentage of turns spent in the entire game.
 B = Non-inter-level travel turns spent in this place as a percentage of non-inter-level travel turns spent in the entire game.
 C = Inter-level travel turns spent in this place as a percentage of turns spent in this place.
 D = Turns resting spent in this place as a percentage of non-inter-level travel turns spent in this place.
 E = Turns spent auto-exploring this place as a percentage of non-inter-level travel turns spent in this place.
 F = Non-inter-level travel turns spent in this place divided by the number of levels of this place that you've seen.
                   A       B       C       D       E      F
               +-------+-------+-------+-------+-------+----------------------
         Total | 100.0 | 100.0 |   0.9 |  44.9 |  39.8 | 853.5
       Dungeon | 100.0 | 100.0 |   0.9 |  44.9 |  39.8 | 853.5
               +-------+-------+-------+-------+-------+----------------------

Table legend:
 A = Kills in this place as a percentage of kills in entire the game.
 B = Kills by you in this place as a percentage of kills by you in the entire game.
 C = Kills by friends in this place as a percentage of kills by friends in the entire game.
 D = Other kills in this place as a percentage of other kills in the entire game.
 E = Experience gained in this place as a percentage of experience gained in the entire game.
 F = Experience gained in this place divided by the number of levels of this place that you have seen.
                   A       B       C       D       E      F
               +-------+-------+-------+-------+-------+----------------------
         Total | 100.0 | 100.0 | 100.0 |   N/A | 100.0 |  31.0
       Dungeon | 100.0 | 100.0 | 100.0 |   N/A | 100.0 |  31.0
               +-------+-------+-------+-------+-------+----------------------
